 Dungeon Crawl Stone Soup version 0.24-a0-463-g3510def36b (webtiles) character file.

Game seed: 9516554881851335312

279 Kuinu the Skirmisher (level 6, -2/84 HPs)
             Began as a Draconian Berserker on July 2, 2019.
             Was a Priest of Trog.
             Slain by an adder (5 damage)
             ... on level 3 of the Dungeon.
             The game lasted 00:04:56 (1925 turns).

Kuinu the Skirmisher (Draconian Berserker)          Turns: 1925, Time: 00:04:56

Health: -2/84      AC:  6    Str: 24    XL:     6   Next: 5%
Magic:  6/6        EV: 15    Int:  7    God:    Trog [***...]
Gold:   191        SH:  0    Dex: 13    Spells: 5/5 levels left

rFire    . . .     SeeInvis .   a - +0 falchion
rCold    . . .     Gourm    .   (no shield)
rNeg     . . .     Faith    .   (armour unavailable)
rPois    .         Spirit   .   (helmet restricted)
rElec    .         Reflect  .   (no cloak)
rCorr    .         Harm     .   (no gloves)
MR       .....                  (no boots)
Stlth    ..........             (no amulet)
HPRegen  0.24/turn              h - +1 ring of evasion
MPRegen  0.10/turn              (no ring)

@: berserking, very quick
A: unfitting armour, cold-blooded, AC +6
a: Berserk, Trog's Hand, Renounce Religion


You were on level 3 of the Dungeon.
You worshipped Trog.
Trog was most pleased with you.
You were hungry.

You visited 1 branch of the dungeon, and saw 3 of its levels.

You collected 191 gold pieces.

Inventory:

Hand Weapons
 a - a +0 falchion (weapon)
Armour
 i - a +0 buckler
Jewellery
 h - a +1 ring of evasion (left hand)
Scrolls
 d - 2 scrolls of amnesia
 f - a scroll of magic mapping
 m - a scroll of fear {unknown}
Potions
 e - 2 potions of curing
 g - a potion of heal wounds {unknown}
 j - a potion of haste
 k - 3 potions of flight
 l - a potion of cancellation {unknown}
Comestibles
 b - 7 rations
 c - 7 chunks of flesh


   Skills:
 * Level 5.0 Fighting
 * Level 4.6 Long Blades
 * Level 4.1 Dodging


You had 5 spell levels left.
You didn't know any spells.
Your spell library was empty.

Dungeon Overview and Level Annotations

Branches:
Dungeon (3/15)

Altars:
Qazlal


Innate Abilities, Weirdness & Mutations

Your plain brown scales are hard. (AC +6)
You cannot fit into any form of body armour.
You are cold-blooded and may be slowed by cold attacks.


Message History

The adder bites you.
* * * LOW HITPOINT WARNING * * *
You slash something! Trog accepts your kill.
Trog appreciates your killing of a magic user.
Reactivating autopickup.
You have reached level 6!
Your experience leads to an increase in your attributes!
Your base attributes are Str 19, Int 7, Dex 12.
Increase (S)trength, (I)ntelligence, or (D)exterity?
You feel agile.
Your scales feel tougher.
You feel a bit more experienced. Something hits you but does no damage.
Deactivating autopickup; reactivate with Ctrl-A.
The adder bites you.
* * * LOW HITPOINT WARNING * * *
You hit something.
Your skin stops crawling.
You feel less resistant to hostile enchantments.
Something hits you but does no damage. The adder bites you.
You die...

#.##.# #.##.. #. #.<#.##
#. ##. #. #..#.. #<###.
###.###..#.######......
##...............######.
......##..#.###.....# #.
............# #.....##..
......{†....###.........
......S@...............P
<.....).....####.###....
......##..#.####.###....
...... ............'..P.
##### ##.#.......###..P≈
#.#.......# #...≈
#.#...(...###..P♣
#.+.......+......
#.......#####..


You could see an adder.

Vanquished Creatures
  A hound (D:2)
  An orc priest (D:3)
  2 orc wizards (D:3)
  A worker ant (D:2)
  8 adders
  A worm (D:3)
  3 dart slugs
  2 leopard geckos (D:1)
  5 orcs (D:3)
  3 ball pythons
  3 goblins
  9 hobgoblins
  9 kobolds
  A quokka (D:3)
  11 bats
  3 frilled lizards
  6 rats
69 creatures vanquished.

Notes
Turn   | Place    | Note
-------+----------+-------------------------------------------
     0 | D:1      | Kuinu the Draconian Berserker began the quest for the Orb.
     0 | D:1      | Reached XP level 1. HP: 19/19 MP: 1/1
    70 | D:1      | You fall into a shaft and drop 1 floor!
   155 | D:1      | Reached XP level 2. HP: 23/26 MP: 2/2
   386 | D:1      | Reached XP level 3. HP: 33/33 MP: 3/3
   721 | D:2      | Reached skill level 4 in Fighting
   723 | D:2      | Reached ** piety under Trog
   963 | D:2      | Found a stormy altar of Qazlal.
   969 | D:2      | Reached XP level 4. HP: 27/40 MP: 4/4
  1336 | D:2      | Reached XP level 5. HP: 35/47 MP: 5/5
  1765 | D:3      | Reached *** piety under Trog
  1906 | D:3      | Reached skill level 5 in Fighting
  1921 | D:3      | HP: 1/48 [something (5)]
  1924 | D:3      | Reached XP level 6. HP: 3/56 MP: 6/6
  1925 | D:3      | Slain by an adder

Levels and vault maps discovered:
D:1:      tarquinn_simple_flora_water_d, layout_loops_ring
D:2:      layout_basic, lemuel_crystal_altar, first_ration
D:3:      layout_basic, guppyfry_early_lair_pool

Skill      XL: |  1  2  3  4  5 |
---------------+----------------+-----
Dodging        | 3 4 |  4.1
Fighting       | 4 5 |  5.0
Long Blades    | 4 |  4.6

Action                   |  1- 3 |  4- 6 || total
-------------------------+-------+-------++-------
Melee: Falchion          |    77 |   121 ||   198
       Tailslap          |    10 |    18 ||    28
Invok: Berserk           |     1 |     2 ||     3
       Trog's Hand       |       |     1 ||     1
  Use: Scroll            |     5 |     2 ||     7
  Eat: Chunk             |     1 |     5 ||     6
Armor: Skin              |    18 |    37 ||    55
Dodge: Dodged            |    72 |   103 ||   175
       Rpst.: Falchion   |    18 |    34 ||    52

Table legend:
 A = Non-vault XP
 B = Vault XP
 C = Vault XP percentage of total XP
 D = Non-vault monster count
 E = Vault monster count
 F = Vault count percentage of total count
                 A         B        C        D         E       F
            +---------+---------+-------+---------+---------+-------
      Total |     399 |       0 |   0.0 |      69 |       0 |   0.0
            +---------+---------+-------+---------+---------+-------
        D:1 |      44 |       0 |   0.0 |      22 |       0 |   0.0
        D:2 |     153 |       0 |   0.0 |      20 |       0 |   0.0
        D:3 |     202 |       0 |   0.0 |      27 |       0 |   0.0
            +---------+---------+-------+---------+---------+-------
